 Dungeon Crawl Stone Soup version 0.31-a0-234-gad7ace16ef (webtiles) character file.

Game seed: 8318966346204757329

50 qw the Shooter (level 3, -2/21 HPs)
             Began as a Gargoyle Hexslinger on July 9, 2023.
             Slain by an orc
             ... wielding a +0 mace
              (4 damage)
             ... on level 3 of the Dungeon.
             The game lasted 00:00:40 (1814 turns).

qw the Shooter (Gargoyle Hexslinger)                Turns: 1814, Time: 00:00:40

Health: -2/21      AC:  8    Str: 11    XL:     3   Next: 79%
Magic:  4/4        EV: 10    Int: 13    God:
Gold:   126        SH:  0    Dex: 14    Spells: 3/4 levels left

rFire   . . .        Y - +1 sling
rCold   . . .        (no shield)
rNeg    + . .        a - +0 ring mail
rPois   inf          (no helmet)
rElec   +            (no cloak)
rCorr   .            (no gloves)
SInv    .            (no boots)
Will    .....        f - amulet of faith
Stlth   +            (no ring)
HPRegen 0.23/turn    (no ring)
MPRegen 0.09/turn

%: faith
@: no status effects
A: sickness immunity, AC +3, negative energy resistance 1, electricity
resistance, torment resistance 1, petrification resistance
a: no special abilities


You were on level 3 of the Dungeon.
You visited 1 branch of the dungeon, and saw 3 of its levels.

You collected 126 gold pieces.


Innate Abilities, Weirdness & Mutations

You are immune to sickness and miasma.
Your stone body is resilient. (AC +3)
You are immune to poison.
You resist negative energy. (rN+)
You are resistant to electric shocks. (rElec)
You are resistant to unholy torment.
You are immune to petrification.


   Skills:
 - Level 2.0 Fighting
 + Level 3.6 Ranged Weapons
 - Level 1.5 Dodging
 - Level 1.0 Spellcasting
 - Level 2.6 Hexes


You had 3 spell levels left.
You knew the following spells:

 Your Spells              Type           Power      Damage    Failure   Level
a - Slow                  Hex            28%        N/A       22%         1

Your spell library contained the following spells:

 Spells                   Type           Power      Damage    Failure   Level
 Inner Flame              Hex/Fire       4%         N/A       75%         3
 Portal Projectile        Hex/Tloc       8%         N/A       75%         3
 Cause Fear               Hex            3%         N/A       92%         4

Inventory:

Hand Weapons
 Y - a +1 sling (weapon)
Armour
 a - a +0 ring mail (worn)
Jewellery
 f - an amulet of faith (around neck)
 k - an amulet of reflection
Scrolls
 b - a scroll of blinking {unknown}
 e - a scroll of identify
Potions
 d - a potion of curing
 j - a potion of might {unknown}

Dungeon Overview and Level Annotations

Branches:
Dungeon (3/15)

Altars:
Zin


Message History

The orc barely misses you. The orc hits you but does no damage.
The orc barely misses you. The orc hits you with a +0 mace.
You shoot a sling bullet.
The sling bullet closely misses the orc.
The orc hits you but does no damage. The orc barely misses you.
You shoot a sling bullet. The sling bullet hits the orc.
The orc is severely wounded.
The orc barely misses you. The orc hits you but does no damage.
You shoot a sling bullet.
The sling bullet hits the orc but does no damage.
The orc is severely wounded.
The orc barely misses you. The orc hits you but does no damage. x2
The orc hits you with a +0 mace.
You shoot a sling bullet.
The sling bullet closely misses the orc.
The orc closely misses you. The orc hits you with a +0 mace.
You shoot a sling bullet.
The sling bullet closely misses the orc.
The orc barely misses you. The orc hits you with a +0 mace.
The orc barely misses you. The orc hits you but does no damage.
You shoot a sling bullet.
The sling bullet hits the orc but does no damage.
The orc is severely wounded.
The orc hits you with a +0 mace. The orc barely misses you.
You shoot a sling bullet. The sling bullet barely misses the orc.
The orc hits you with a +0 club. The orc barely misses you.
You shoot a sling bullet.
The sling bullet hits the orc but does no damage.
The orc is heavily wounded.
The orc hits you with a +0 club. The orc barely misses you.
The orc completely misses you. The orc closely misses you.
You shoot a sling bullet.
The sling bullet hits the orc but does no damage.
The orc is heavily wounded.
The orc hits you but does no damage. The orc misses you.
You shoot a sling bullet.
The sling bullet hits the orc but does no damage.
The orc is heavily wounded.
The orc hits you but does no damage. The orc hits you with a +0 mace.
You die...

###.###.[.#####.#
##..............#
.#
..........#######
.# #######..## .#
# #.<####### #[##
# #........# ...#
# #..#####.# ...#
# #..# #.##o..# #
#.## #.#@o.#
#######.#
#..#)#.#
........#
#..........
####.####
#...#.#..## #.#
#......#.# #.#
#.###..#.# #.# #.
... . #.# #. #...
# #.# #. ####


You could see 2 orcs.

Vanquished Creatures
  A dart slug (D:3)
  2 orcs (D:3)
  5 endoplasms
  8 goblins
  3 hobgoblins
  6 kobolds
  4 quokkas (D:1)
  4 ball pythons
  3 bats
  2 frilled lizards
  5 rats
43 creatures vanquished.

Notes
Turn   | Place    | Note
-------+----------+-------------------------------------------
     0 | D:1      | qw the Gargoyle Hexslinger began the quest for the Orb.
     0 | D:1      | Reached XP level 1. HP: 12/12 MP: 2/2
     0 | D:1      | 0 ||| qw: Version: 0.3-a-51-g015441d
     0 | D:1      | 0 ||| qw: Game counter: 4366
     0 | D:1      | 0 ||| qw: Melee chars always use a shield: true
     0 | D:1      | 0 ||| qw: God list: Okawaru
     0 | D:1      | 0 ||| qw: Allow faded altars: false
     0 | D:1      | 0 ||| qw: Do Orc after clearing Dungeon:15 true
     0 | D:1      | 0 ||| qw: Do second Lair branch before Depths: true
     0 | D:1      | 0 ||| qw: Lair rune preference: random
     0 | D:1      | 0 ||| qw: Goals: Normal
     0 | D:1      | 0 ||| PLANNING D:1-11
   119 | D:1      | Reached XP level 2. HP: 9/16 MP: 3/3
   337 | D:1      | Reached skill level 3 in Ranged Weapons
   843 | D:1      | Reached XP level 3. HP: 21/21 MP: 4/4
   973 | D:1      | 973 ||| UPGRADING to amulet of reflection.
   978 | D:1      | 978 ||| READING scroll labelled BUGRI ZOO.
   979 | D:1      | 979 ||| READING 2 scrolls labelled QUCSAE FIMPU.
   980 | D:1      | 980 ||| READING scroll labelled NUINIV EXKI.
   983 | D:1      | 983 ||| READING scroll labelled GOUGYM ZIONYH.
   984 | D:1      | 984 ||| READING scroll labelled LOTOQA TOIHU.
   985 | D:1      | 985 ||| DROPPING scroll of poison.
   986 | D:1      | 986 ||| DROPPING scroll of noise.
  1297 | D:2      | Identified the +3 dagger of Compassion {holy, rC++ Int-4}
  1657 | D:2      | 1657 ||| UPGRADING to +0 ring mail.
  1667 | D:2      | 1667 ||| DROPPING +0 robe.
  1668 | D:2      | 1668 ||| UPGRADING to amulet of faith.
  1678 | D:2      | 1678 ||| READING scroll labelled UHAWEQIET.
  1679 | D:2      | 1679 ||| DRINKING 2 smoky black potions.
  1709 | D:3      | Found a glowing silver altar of Zin.
  1811 | D:3      | HP: 4/21 [orc/+0 club (2)]
  1814 | D:3      | Slain by an orc

Levels and vault maps discovered:
D:1:      pf_arrival_petrified_forest, layout_basic, kennysheep_pointless_box
D:2:      layout_loops_ring
D:3:      layout_loops_ring, slow_altar_1, zin_academy, minitemple

Skill      XL: |  1  2 |
---------------+-------+-----
Ranged Weapons | 3 |  3.6
Fighting       | 2 |  2.0
Dodging        | |  1.5
Spellcasting   | |  1.0
Hexes          | |  2.6

Action                     || total
---------------------------++-------
   Fire: Sling             ||   142
    Use: Scroll            ||     6
         Potion            ||     1
 Armour: Robe              ||    13
         Ring mail         ||    17
  Dodge: Dodged            ||    44
  Block: Other             ||     5

Table legend:
 A = Non-vault XP
 B = Vault XP
 C = Vault XP percentage of total XP
 D = Non-vault monster count
 E = Vault monster count
 F = Vault count percentage of total count
                 A         B        C        D         E       F
            +---------+---------+-------+---------+---------+-------
      Total |      72 |       0 |   0.0 |      43 |       0 |   0.0
            +---------+---------+-------+---------+---------+-------
        D:1 |      35 |       0 |   0.0 |      21 |       0 |   0.0
        D:2 |      25 |       0 |   0.0 |      17 |       0 |   0.0
        D:3 |      12 |       0 |   0.0 |       5 |       0 |   0.0
            +---------+---------+-------+---------+---------+-------
